 Dungeon Crawl Stone Soup version 0.31-a0-145-g046c7d2549 (webtiles) character file.

Game seed: 15597566866139019182

84 qw the Shooter (level 4, -3/38 HPs)
             Began as a Minotaur Hunter on June 7, 2023.
             Slain by a gnoll
             ... wielding a +0 whip
              (5 damage)
             ... on level 2 of the Dungeon.
             The game lasted 00:00:33 (1261 turns).

qw the Shooter (Minotaur Hunter)                    Turns: 1261, Time: 00:00:34

Health: -3/38      AC:  6    Str: 15    XL:     4   Next: 23%
Magic:  3/3        EV: 11    Int:  6    God:
Gold:   105        SH:  5    Dex: 16    Spells: 3/3 levels left

rFire   . . .        Y - +0 shortbow (chaos)
rCold   . . .        (shield currently unavailable)
rNeg    . . .        e - +0 ring mail
rPois   .            (helmet restricted)
rElec   .            f - +0 cloak
rCorr   .            (no gloves)
SInv    .            (no boots)
Will    .....        k - amulet of reflection
Stlth   +            (no ring)
HPRegen 0.26/turn    (no ring)
MPRegen 0.08/turn

%: reflection
@: no status effects
A: horns 2, retaliatory headbutt
a: no special abilities


You were on level 2 of the Dungeon.
You visited 1 branch of the dungeon, and saw 2 of its levels.

You collected 105 gold pieces.


Innate Abilities, Weirdness & Mutations

You have a pair of horns on your head.
You reflexively headbutt those who attack you in melee.


   Skills:
 - Level 3.2 Fighting
 + Level 5.9 Ranged Weapons
 - Level 1.0 Armour
 - Level 2.1 Dodging
 - Level 0.7 Stealth


You had 3 spell levels left.
You didn't know any spells.
Your spell library was empty.

Inventory:

Hand Weapons
 Y - a +0 shortbow of chaos (weapon)
Armour
 e - a +0 ring mail (worn)
 f - a +0 cloak (worn)
Jewellery
 k - an amulet of reflection (around neck)
Scrolls
 a - 3 scrolls of identify
 b - a scroll of immolation {unknown}
 g - a scroll of teleportation {unknown}
 n - a scroll of blinking {unknown}
Potions
 c - a potion of resistance {unknown}
 d - a potion of curing {unknown}
 h - a potion of ambrosia {unknown}
 i - a potion of mutation {unknown}
 j - a potion of berserk rage {unknown}
 l - a potion of heal wounds {unknown}
 m - a potion of attraction {unknown}

Dungeon Overview and Level Annotations

Branches:
Dungeon (2/15)

Altars:


Message History

Space warps around the gnoll.
The gnoll is severely wounded.
The gnoll hits you with a +0 flail. You block the gnoll's attack.
The gnoll hits you with a +0 flail. You block the gnoll's attack.
You shoot an arrow.
The arrow hits the gnoll but does no damage.
The gnoll is severely wounded.
The gnoll hits you with a +0 whip. The gnoll completely misses you.
You furiously retaliate!
You headbutt the gnoll! You shoot an arrow. The arrow closely misses the gnoll.
You block the gnoll's attack. The gnoll hits you with a +0 flail.
You shoot an arrow. The arrow hits the gnoll.
The arrow burns the gnoll.
The gnoll is almost dead.
The gnoll closely misses you. The gnoll hits you but does no damage.
You shoot an arrow.
The arrow hits the gnoll but does no damage.
The gnoll is almost dead.
The gnoll hits you but does no damage. The gnoll hits you with a +0 flail!
You shoot an arrow.
The arrow hits the gnoll but does no damage.
The gnoll seems to grow stronger.
The gnoll is almost dead.
The gnoll closely misses you. You furiously retaliate!
You headbutt the gnoll!
You kill the gnoll!
The gnoll misses you. You furiously retaliate!
You headbutt the gnoll. The gnoll barely misses you.
You shoot an arrow. The arrow barely misses the gnoll.
The gnoll barely misses you. The gnoll closely misses you.
You shoot an arrow.
The arrow hits the gnoll but does no damage.
The gnoll is almost dead.
The gnoll misses you. The gnoll barely misses you. You furiously retaliate!
You headbutt the gnoll, but do no damage.
You shoot an arrow.
The arrow hits the gnoll but does no damage.
The gnoll is almost dead.
You block the gnoll's attack. The gnoll closely misses you.
You shoot an arrow. The arrow barely misses the gnoll.
The gnoll hits you with a +0 whip.
You die...

#...... .... ### #......
#... ... #.....[ #....
###.###%....# #....
#.....'.....# ....:.
.#.#...#%....#
#.....####.# #.....#+#..
......gg...# #...%##.###
#@.# #..........
#..#...####..#%###
##.###..........###
#..#.#.............
##.##.##...##.....##
#..#...#...........#
##.##...##.###......# .
#..#.....#.# #.....)#
....#.%#.....#.###....).#


You could see 2 gnolls.

Vanquished Creatures
  2 adders (D:2)
  2 gnolls (D:2)
  3 dart slugs
  4 endoplasms
  3 giant cockroaches (D:1)
  3 goblins
  4 hobgoblins
  6 ball pythons
  5 bats
  5 frilled lizards
  A kobold (D:2)
  5 rats
43 creatures vanquished.

Notes
Turn   | Place    | Note
-------+----------+-------------------------------------------
     0 | D:1      | qw the Minotaur Hunter began the quest for the Orb.
     0 | D:1      | Reached XP level 1. HP: 18/18 MP: 0/0
     0 | D:1      | 0 ||| qw: Version: 0.2-a-117-gc6b5c8b
     0 | D:1      | 0 ||| qw: Game counter: 2433
     0 | D:1      | 0 ||| qw: Always use a shield: true
     0 | D:1      | 0 ||| qw: God list: Okawaru
     0 | D:1      | 0 ||| qw: Allow faded altars: false
     0 | D:1      | 0 ||| qw: Do Orc after D:15 true
     0 | D:1      | 0 ||| qw: Do second Lair branch before Depths: true
     0 | D:1      | 0 ||| qw: Lair rune preference: random
     0 | D:1      | 0 ||| qw: Plans: Normal
     0 | D:1      | 0 ||| PLANNING D:1-11
   130 | D:1      | You fall into a shaft and drop 1 floor!
   166 | D:2      | Reached XP level 2. HP: 25/25 MP: 1/1
   191 | D:2      | Reached skill level 5 in Ranged Weapons
   257 | D:2      | Reached skill level 3 in Fighting
   290 | D:2      | 290 ||| UPGRADING to +0 ring mail.
   300 | D:2      | 300 ||| DROPPING +0 leather armour.
   301 | D:2      | 301 ||| UPGRADING to +0 cloak.
   306 | D:2      | 306 ||| READING 2 scrolls labelled FAESKA SULL.
   307 | D:2      | 307 ||| READING scroll labelled QYGUYCKERU.
   308 | D:2      | 308 ||| READING scroll labelled EDGHUPS RAIK.
   309 | D:2      | 309 ||| DROPPING scroll of butterflies.
   355 | D:1      | Found a faded altar of an unknown god.
   384 | D:1      | Reached XP level 3. HP: 31/31 MP: 2/2
   460 | D:1      | Reached skill level 1 in Armour
   940 | D:1      | 940 ||| UPGRADING to amulet of the acrobat.
   945 | D:1      | 945 ||| UPGRADING to amulet of reflection.
   955 | D:1      | 955 ||| DROPPING amulet of the acrobat.
   956 | D:1      | 956 ||| READING scroll labelled MIPLAE WUSCHEIWK.
  1250 | D:2      | Reached XP level 4. HP: 27/38 MP: 3/3
  1254 | D:2      | HP: 8/38 [gnoll/+0 flail (6)]
  1256 | D:2      | HP: 1/38 [gnoll/+0 flail (8)]
  1261 | D:2      | Slain by a gnoll

Levels and vault maps discovered:
D:1:      evilmike_arrival_fibonacci_small, layout_loops_ring,
          shapermc_ecumenical_altar_gd, minmay_tetromino_o2
D:2:      layout_basic, chequers_serial_rivers_marsh, minmay_unequal

Skill      XL: |  1  2  3 |
---------------+----------+-----
Ranged Weapons | 5 |  5.9
Fighting       | 3 |  3.2
Armour         | 1 |  1.0
Dodging        | |  2.1
Stealth        | |  0.7

Action                     |  1- 3 |  4- 6 || total
---------------------------+-------+-------++-------
   Fire: Shortbow          |   105 |    12 ||   117
    Use: Scroll            |     4 |       ||     4
 Armour: Ring mail         |     7 |     2 ||     9
  Dodge: Dodged            |    23 |    13 ||    36
  Block: Other             |     3 |     4 ||     7

Table legend:
 A = Non-vault XP
 B = Vault XP
 C = Vault XP percentage of total XP
 D = Non-vault monster count
 E = Vault monster count
 F = Vault count percentage of total count
                 A         B        C        D         E       F
            +---------+---------+-------+---------+---------+-------
      Total |     111 |       9 |   7.5 |      38 |       5 |  11.6
            +---------+---------+-------+---------+---------+-------
        D:1 |      28 |       2 |   6.7 |      17 |       2 |  10.5
        D:2 |      83 |       7 |   7.8 |      21 |       3 |  12.5
            +---------+---------+-------+---------+---------+-------
